Description

Without workers, build is not mine

Replay - zuka PvX build order

Build Order

Get SALT Encoding   

  14  0:17  Pylon  
  15  0:38  Gateway  
  16  0:48  Assimilator  
  18  0:57  Assimilator  
  19  1:15  Gateway  
  21  1:29  Cybernetics Core  
  22  1:39  Pylon  
  23  1:59  Warp Gate  
  24  2:06  Stalker x2  
  29  2:18  Pylon  
  30  2:36  Stalker x2  
  34  2:59  Nexus  
  34  3:19  Robotics Facility  
  36  3:36  Pylon  
  38  4:00  Observer  
  41  4:11  Gateway x2  
  42  4:22  Immortal  
  48  4:32  Robotics Bay  
  50  4:40  Shield Battery x2  
  50  4:49  Stalker  
  53  4:54  Stalker  
  56  5:00  Assimilator x2  
  56  5:05  Observer  
  60  5:30  Pylon  
  60  5:35  Nexus  
  62  5:37  Colossus  
  62  5:41  Extended Thermal Lance  
  70  6:00  Stalker x2  
  76  6:16  Forge x2  
  76  6:21  Colossus  
  86  6:42  Protoss Ground Weapons Level 1  
  86  6:43  Protoss Ground Armor Level 1  
  92  7:04  Colossus  
Spawning Tool Build Advisor. Get it on Overwolf

Go to:

Details

  • Created by: Zyos
  • Published on: Aug 28, 2018
  • Modified on: Aug 28, 2018
  • Patch: 4.0.0
  • Difficulty: Easy
Show
View Real Time Build Order
Export as new Build Order

Comments (1)

On Aug. 31, 2018, 11:23 a.m., zuka  said:

Thank you for promoting it :D

Create an account to comment!